Description

From coaching Casually explained.

VOD

https://www.youtube.com/watch?v=FzoEcCD5ibE

Replay - 2020-04-27 - (P)PtitDrogo VS (P)Harstem

Build Order

Get SALT Encoding   

  12  0:01  Probe  
  13  0:13  Probe  
  14  0:18  Pylon  
  14  0:25  Probe (Chrono Boost)  
  15  0:37  Probe (Chrono Boost), Gateway  
  16  0:45  Probe (Chrono Boost)  
  16  0:47  Assimilator  
  17  0:51  Probe  
  18  0:58  Assimilator  
  18  1:04  Probe (Chrono Boost)  
  19  1:09  Gateway  
  19  1:13  Probe (Chrono Boost)  
  20  1:19  Probe  
  20  1:24  Cybernetics Core  
  21  1:31  Probe  
  22  1:35  Pylon  
  23  1:58  Warp Gate (Chrono Boost)  
  23  2:01  Stalker x2  
  28  2:08  Pylon  
  29  2:31  Sentry, Stalker  
  33  2:47  Nexus  
  33  2:53  Pylon  
  33  3:00  Stalker  
  35  3:08  Stalker  
  37  3:14  Shield Battery  
  37  3:24  Robotics Facility  
  39  3:42  Sentry x2  
  43  3:55  Shield Battery  
  45  4:05  Shield Battery  
  44  4:15  Stalker x2  
  48  4:27  Immortal (Chrono Boost)  
  52  4:38  Sentry  
  56  4:46  Stalker  
  56  4:52  Pylon  
  56  5:03  Immortal (Chrono Boost)  
  60  5:11  Zealot  
  62  5:21  Sentry  
  68  5:31  Warp Prism (Chrono Boost)  
  69  5:42  Gateway x2  
  69  5:46  Sentry  
  73  5:57  Stalker  
Spawning Tool Build Advisor. Get it on Overwolf

Analysis

From coaching Casually explained.

Go to:

Details

  • Created by: gelu
  • Published on: Sep 19, 2020
  • Modified on: Sep 19, 2020
  • Patch: 4.11.0
  • Difficulty: Medium
Show
View Real Time Build Order
Export as new Build Order

Comments (2)

On Sept. 7, 2021, 2:43 p.m., afrAy  said:

daehyun harstem is 100 times better than you why are you shitting on his build.

On Sept. 25, 2020, 1:44 p.m., daehyun  said:

fuck you are u serious? 1:09 gateway and 1:24 core? fuck you bitch

Create an account to comment!